 Dungeon Crawl Stone Soup version 0.30-a0-571-gdf30a72648 (webtiles) character file.

Game seed: 13022606248384141516

85 wormed the Shooter (level 4, -2/23 HPs)
             Began as a Spriggan Hunter on Dec 29, 2022.
             Slain by an orc wizard
             ... wielding a +0 dagger
              (3 damage)
             ... on level 3 of the Dungeon.
             The game lasted 00:02:53 (1890 turns).

wormed the Shooter (Spriggan Hunter)                Turns: 1890, Time: 00:02:54

Health: -2/23      AC:  4    Str:  4 (7)  XL:     4   Next: 25%
Magic:  5/5        EV: 19    Int:  8 (10) God:
Gold:   104        SH:  0    Dex: 19 (20) Spells: 3/3 levels left

rFire   . . .      SeeInvis +    a - +0 shortbow
rCold   . . .      Faith    .    (shield currently unavailable)
rNeg    . . .      Spirit   .    c - +0 robe
rPois   .          Reflect  .    (helmet restricted)
rElec   .          Harm     .    m - +1 cloak
rCorr   .          Rampage  .    (gloves unavailable)
Will    .....                    (boots unavailable)
Stlth   +++                      (no amulet)
HPRegen 0.23/turn                (no ring)
MPRegen 0.09/turn                (no ring)

@: mighty, very quick
A: very small, no large weapons, unfitting armour, see invisible, speed 3
a: no special abilities


You were on level 3 of the Dungeon.
You visited 1 branch of the dungeon, and saw 3 of its levels.

You collected 104 gold pieces.

Inventory:

Hand Weapons
 a - a +0 shortbow (weapon)
Armour
 c - a +0 robe (worn)
 m - a +1 cloak (worn)
Scrolls
 b - a scroll of immolation
 d - 2 scrolls of vulnerability {unknown}
 f - a scroll of enchant weapon {unknown}
 g - 4 scrolls of teleportation {unknown}
 l - a scroll of identify {unknown}
Potions
 h - a potion of degeneration
 i - a potion of ambrosia
 j - a potion of cancellation {unknown}
 k - a potion of curing


   Skills:
 + Level 2.1 Fighting
 * Level 4.7 Ranged Weapons
 + Level 3.7 Dodging
 + Level 3.1 Stealth


You had 3 spell levels left.
You didn't know any spells.
Your spell library contained the following spells:

 Spells                   Type           Power      Damage    Failure   Level
 Beastly Appendage        Tmut           0%         N/A       41%         1
 Wereblood                Tmut           0%         N/A       54%         2
 Spider Form              Tmut/Pois      0%         N/A       78%         3
 Malign Gateway           Summ/Tloc      0%         N/A       100%        7
 Summon Horrible Things   Summ           0%         N/A       100%        8


Dungeon Overview and Level Annotations

Branches:
Dungeon (3/15)

Altars:


Innate Abilities, Weirdness & Mutations

You are very small and have problems with some larger weapons.
You are too small for most types of armour.
You have supernaturally acute eyesight. (SInv)
You cover ground extremely quickly. (Speed+++)


Message History

You feel weakened.
You feel dopey.
You feel clumsy. The orc wizard barely misses you.
The orc hits you with a +0 club. The ball python barely misses you.
The ball python constricts you.
It was a potion of curing.
You feel better.
You feel less invigorated. The orc hits you but does no damage.
The ball python completely misses you. The ball python constricts you.
The orc wizard gestures at you while chanting.
The puff of flame hits you!
The orc wizard hits you with a +0 dagger.
Fire: a) +0 shortbow
Press: ? - help, Q - select action Shift-Dir - straight line, f - ball python
Aim: a ball python (constricting you, 61% to hit)
You shoot an arrow. The arrow hits the ball python.
The ball python is heavily wounded.
The ball python closely misses you. The ball python constricts you.
The orc closely misses you.
The orc wizard hits you but does no damage.
The orc wizard hits you with a +0 dagger.
The ball python misses you. The ball python constricts you.
The orc wizard hits you but does no damage.
The orc wizard barely misses you. The orc hits you with a +0 club.
Fire: a) +0 shortbow
Press: ? - help, Q - select action Shift-Dir - straight line, f/p - ball python
Aim: a ball python (heavily wounded, constricting you, 61% to hit)
You shoot an arrow.
The arrow barely misses the ball python.
The ball python bites you but does no damage.
The ball python constricts you. The orc hits you with a +0 club.
The orc wizard hits you with a +0 dagger.
* * * LOW HITPOINT WARNING * * *
The orc wizard closely misses you.
Fire: a) +0 shortbow
Press: ? - help, Q - select action Shift-Dir - straight line, f/p - ball python
Aim: a ball python (heavily wounded, constricting you, 61% to hit)
You shoot an arrow. The arrow hits the ball python!
You kill the ball python!
The orc wizard completely misses you. The orc hits you with a +0 club.
* * * LOW HITPOINT WARNING * * *
The orc wizard hits you with a +0 dagger.
You die...

#. #. ###.##
##.....
##.....##
#.......#
#.......#####.
#....o@.......
##...oo#######
#.....o.#
#.......#
#.......#
##.....##
##.<.## #####


You could see 2 orc wizards and 2 orcs.

Vanquished Creatures
  Crazy Yiuf (D:2)
  An adder (D:2)
  A dart slug (D:1)
  An orc (D:2)
  5 ball pythons
  2 endoplasms (D:1)
  3 giant cockroaches (D:1)
  6 goblins
  4 hobgoblins
  A kobold (D:2)
  7 quokkas
  3 bats (D:1)
  5 frilled lizards
  A rat (D:1)
41 creatures vanquished.

Notes
Turn   | Place    | Note
-------+----------+-------------------------------------------
     0 | D:1      | wormed the Spriggan Hunter began the quest for the Orb.
     0 | D:1      | Reached XP level 1. HP: 10/10 MP: 2/2
   194 | D:1      | Reached XP level 2. HP: 15/15 MP: 3/3
   434 | D:1      | Reached XP level 3. HP: 18/18 MP: 4/4
   712 | D:1      | Found a faded altar of an unknown god.
  1523 | D:2      | Found a runed translucent door.
  1524 | D:2      | Noticed Crazy Yiuf
  1608 | D:2      | Killed Crazy Yiuf
  1609 | D:2      | Reached XP level 4. HP: 18/23 MP: 5/5
  1890 | D:3      | HP: 1/23 [orc/+0 club (3)]
  1890 | D:3      | Slain by an orc wizard

Illustrated notes

Levels and vault maps discovered:
D:1:      eino_arrival_water_star, layout_basic,
          hellmonk_ecumenical_altar_heavens_door
D:2:      layout_loops_ring, nicolae_elevator_lobby_asterisk,
          uniq_crazy_yiuf_cottage
D:3:      layout_rooms, serial_shops, shop, minmay_misc_feat_square, uniq_robin

Skill      XL: |  1  2  3 |
---------------+----------+-----
Stealth        | 2 3 |  3.1
Dodging        | 3 |  3.7
Fighting       | 2 |  2.1
Ranged Weapons | |  4.7

Action                   |  1- 3 |  4- 6 || total
-------------------------+-------+-------++-------
Melee: Unarmed           |     2 |       ||     2
 Fire: Shortbow          |   111 |     4 ||   115
  Use: Potion            |       |     4 ||     4
Armor: Robe              |     2 |     7 ||     9
Dodge: Dodged            |    34 |    14 ||    48

Table legend: (Time is in decaauts)
 A = Elapsed time spent in this place.
 B = Non-inter-level travel time spent in this place.
 C = Inter-level travel time spent in this place.
 D = Time resting spent in this place.
 E = Time spent auto-exploring this place.
 F = Levels seen in this place.
 G = Mean time per level.
                   A        B        C        D        E       F      G
               +--------+--------+--------+--------+--------+-----+--------+
         Total |   1258 |   1104 |    154 |      0 |    846 |   3 |  419.3 |
       Dungeon |   1258 |   1104 |    154 |      0 |    846 |   3 |  419.3 |
               +--------+--------+--------+--------+--------+-----+--------+

Top non-repeatable levels by time:
     D:1: 643 daAuts
     D:2: 600 daAuts
     D:3: 14 daAuts
